 Dungeon Crawl Stone Soup version 0.21.1-1-g345015f (webtiles) character file.

181 sankara the Covert (level 5, -4/51 HPs)
             Began as an Octopode Assassin on Feb 16, 2018.
             Slain by a sky beast (6 damage)
             ... on level 4 of the Dungeon.
             The game lasted 00:07:50 (2397 turns).

sankara the Covert (Octopode Assassin)              Turns: 2397, Time: 00:07:51

Health: -4/51      AC:  1    Str: 15    XL:     5   Next: 61%
Magic:  1/5        EV: 13    Int: 14    God:
Gold:   93         SH:  0    Dex: 14    Spells: 2/4 levels left

rFire    . . .     SeeInvis .   a - +2 dagger
rCold    . . .     Gourm    .   (no shield)
rNeg     . . .     Faith    .   (helmet restricted)
rPois    .         Spirit   .   (no amulet)
rElec    .         Reflect  .   (no ring)
rCorr    .         Harm     .   (no ring)
MR       .....                  (no ring)
Stlth    ..........             (no ring)
HPRegen  0.17/turn              (no ring)
MPRegen  0.09/turn              (no ring)
                                (no ring)
                                (no ring)

@: berserking, very slightly contaminated, very quick
A: almost no armour, stealthy swim, amphibious, 8 rings, constrict 8, camouflage
1, gelatinous body 1
a: no special abilities


You were on level 4 of the Dungeon.
You were hungry.

You visited 1 branch of the dungeon, and saw 4 of its levels.

You collected 93 gold pieces.

Inventory:

Hand Weapons
 a - a +2 dagger (weapon)
 b - a +0 blowgun
Missiles
 c - 8 poisoned needles
 d - 2 curare-tipped needles
 j - 43 sling bullets
 k - 109 stones (quivered)
Scrolls
 e - a scroll of teleportation {unknown}
 h - 2 scrolls of remove curse {unknown}
 i - a scroll of blinking {unknown}
 m - a scroll of immolation {unknown}
 n - a scroll of magic mapping {unknown}
 q - 2 scrolls of fog {unknown}
 r - a scroll of identify {unknown}
Potions
 l - a potion of invisibility {unknown}
Books
 o - a book of Maledictions

   Spells                             Type                      Level
   a - Corona                         Hexes                        1
   b - Ensorcelled Hibernation        Hexes/Ice                    2
   c - Confuse                        Hexes                        3
   d - Tukima's Dance                 Hexes                        3
   e - Dazzling Spray                 Conjuration/Hexes            3
Comestibles
 f - 3 rations
 p - 2 chunks of flesh


   Skills:
 - Level 2.0 Fighting
 - Level 2.0 Short Blades
 - Level 2.0 Throwing
 - Level 1.0 Dodging
 + Level 9.3 Stealth


You had 2 spell levels left.
You knew the following spells:

 Your Spells              Type           Power        Failure   Level  Hunger
a - Ensorcelled Hibernat  Hex/Ice        #.....       41%         2    ###....


Dungeon Overview and Level Annotations

Branches:
Dungeon (4/15)
 Temple: D:4-7

Altars:


Innate Abilities, Weirdness & Mutations

You cannot wear most types of armour.
You are very stealthy in the water. (Stealth+)
You are amphibious.
You can wear up to eight rings at the same time.
You can use your tentacles to constrict eight enemies at once.
Your skin changes colour to match your surroundings (Stealth+).
Your rubbery body absorbs attacks. (AC +1, EV +1)


Message History

Casting: Ensorcelled Hibernation
Confirm with . or Enter, or press ? or * to list all spells.
You don't have enough magic to cast that spell.
You completely miss the sky beast. You barely miss the sky beast.
The sky beast barely misses you.
You barely miss the sky beast. The sky beast hits you.
The sky beast shocks you.
* * * LOW HITPOINT WARNING * * *
You hit the sky beast but do no damage.
The sky beast flickers out of sight!
Deactivating autopickup; reactivate with Ctrl-A.
Something hits you.
* * * LOW HITPOINT WARNING * * *
Something shocks you.
* * * LOW HITPOINT WARNING * * *
It was a potion of berserk rage.
A red film seems to cover your vision as you go berserk!
You feel yourself moving faster!
You feel mighty! Something hits you.
* * * LOW HITPOINT WARNING * * *
Something shocks you.
You die...

#######..#####.........#
##.......####.....#
##..#...### #.....#
##### ##.####.###
#.....# .....###.##
#...###........# #.....#
##.............# ##...##
#######.......#
##..######## ##......#
#.....{@..# #.#...#.
#.....##..# #....##
#.... #...... ...##
#........ ###
...##...... #..#
###..... #.. ##.....
......


There were no monsters in sight!

Vanquished Creatures
  2 hounds (D:4)
  An iguana (D:4)
  A worker ant (D:4)
  2 adders (D:2)
  An ooze (D:2)
  2 worms
  A dart slug (D:1)
  A leopard gecko (D:2)
  3 ball pythons
  A giant cockroach (D:4)
  4 goblins
  3 hobgoblins
  4 jackals
  A quokka (D:2)
  5 bats
  A frilled lizard (D:2)
  A jackal skeleton (D:4)
  5 kobolds
  4 rats
43 creatures vanquished.

Notes
Turn   | Place    | Note
-------+----------+-------------------------------------------
     0 | D:1      | sankara the Octopode Assassin began the quest for the Orb.
     0 | D:1      | Reached XP level 1. HP: 14/14 MP: 1/1
   156 | D:1      | Reached XP level 2. HP: 19/19 MP: 2/2
   191 | D:1      | Reached skill level 6 in Stealth
  1014 | D:2      | Reached XP level 3. HP: 14/24 MP: 3/3
  1277 | D:2      | Reached skill level 7 in Stealth
  1829 | D:2      | Learned a level 2 spell: Ensorcelled Hibernation
  2056 | D:2      | Reached XP level 4. HP: 29/29 MP: 4/4
  2290 | D:4      | Reached skill level 8 in Stealth
  2300 | D:4      | Reached XP level 5. HP: 32/34 MP: 5/5
  2330 | D:4      | Reached skill level 9 in Stealth
  2381 | D:4      | Noticed a sky beast
  2397 | D:4      | HP: 2/51 [something (1)]
  2397 | D:4      | Slain by a sky beast

Skill      XL: |  1  2  3  4  5 |
---------------+----------------+-----
Stealth        | 6 7 8 9 |  9.3
Fighting       | |  2.0
Short Blades   | |  2.0
Throwing       | |  2.0
Dodging        | |  1.0

Action                   |  1- 3 |  4- 6 || total
-------------------------+-------+-------++-------
Melee: Dagger            |    57 |    29 ||    86
       Constrict         |    14 |     4 ||    18
       Tentacles         |     7 |     6 ||    13
  Use: Potion            |       |     1 ||     1
 Stab: Sleeping          |    17 |     5 ||    22
  Eat: Chunk             |     3 |     1 ||     4
Armor: Skin              |     2 |     2 ||     4
Dodge: Dodged            |    18 |    23 ||    41
